AoeStats
← Tim

Arabian Desert

510474041Analyzed
1v1 RM · 18h ago on Oct 1, 2026· 81m 42s· 2 players
Game mode
Random Map
Map size
Tiny (2 player)
Population
200
Speed
Normal
Resources
Standard
Victory
Conquest
Starting age
Dark Age
Ending age
Imperial Age
RankedLock teamsTeams togetherTeam positionsShared explorationLock speedFull tech treeHidden civsTurbo modeCheats
Victory
Defeat
🇺🇸 Vietnamese · United States
1009
+16
🇺🇸 Bohemians · United States
1009
-16
inactive_pond
12:09 Feudal Age
10:33 Loom
17:57 Castle Age
18:21 Scale Barding Armor
23:40 Forging
30:57 Light Cavalry
32:16 Iron Casting
32:02 Chain Barding Armor
36:54 Wheelbarrow
36:32 Pikeman
40:57 Imperial Age
39:32 Fervor
41:39 Wagenburg Tactics
41:52 Wagenburg Tactics
47:06 Redemption
47:12 Block Printing
55:21 Town Watch
56:01 Ballistics
61:01 Sanctity
60:17 Cavalier
60:58 Husbandry
61:36 Halberdier
66:53 Conscription
71:16 Squires
71:18 Scale Mail Armor
74:29 Chain Mail Armor
Tim
6:21 Loom
8:54 Feudal Age
14:02 Scale Barding Armor
14:41 Double-Bit Axe
18:37 Forging
19:06 Fletching
21:34 Castle Age
22:02 Pikeman
26:26 Bow Saw
32:43 Squires
32:39 Horse Collar
37:25 Scale Mail Armor
38:42 Chain Mail Armor
42:43 Arson
56:38 Heavy Plow
56:39 Town Watch
58:11 Husbandry
58:21 Bloodlines
57:32 Light Cavalry
65:51 Imperial Age
64:21 Wheelbarrow
67:36 Chain Barding Armor
68:35 Plate Mail Armor
67:33 Halberdier
69:49 Forging
74:33 Bodkin Arrow
74:38 Padded Archer Armor
73:59 Elite Skirmisher
74:46 Thumb Ring
74:59 Imperial Skirmisher
75:40 Bracer
77:09 Two-Man Saw
76:40 Crop Rotation
77:38 Leather Archer Armor
82:38 Plate Barding Armor
82:39 Iron Casting
Connection lost

Rejoining the realm…

Still unreachable

The connection could not be restored.

Session expired

The server has moved on; the page needs a fresh start.